Map: [EWC] Site Delta

Players

Spirit

  • Race: Terran Terran
  • Spawn Location: 11:00

Maru - Winner!

  • Race: Terran Terran
  • Spawn Location: 5:00

Event: Esports World Cup 2024

VOD

Have the link to the VOD?

Description

Time

  • Played on: Aug. 14, 2024, 5:32 a.m.
  • Length: 8:36

All games in this series

Show
View Real Time Build Order
Export as new Build Order

Spirit Terran 

Build Orders: Gas First Reaper Expand, Hellion Opening, Mech 

Get SALT Encoding   

  12  0:00  SCV  
  13  0:12  SCV  
  14  0:17  Supply Depot  
  14  0:24  SCV  
  15  0:28  Refinery  
  15  0:39  SCV  
  16  0:44  Barracks  
  16  0:51  SCV  
  17  1:03  SCV  
  18  1:15  SCV  
  19  1:31  Orbital Command, Reaper  
  20  1:47  Command Center  
  20  1:57  SCV  
  20  1:59  Factory  
  21  2:06  Barracks Reactor  
  21  2:09  SCV  
  21  2:13  Supply Depot  
  22  2:21  SCV, Refinery  
  23  2:34  SCV  
  24  2:46  SCV, Starport  
  24  2:50  Hellion x2  
  29  2:55  Barracks Tech Lab  
  29  2:59  Orbital Command  
  29  3:01  SCV  
  30  3:12  Hellion  
  32  3:13  SCV, Hellion  
  35  3:20  Refinery  
  35  3:25  SCV x2  
  37  3:28  Raven  
  37  3:30  Interference Matrix  
  39  3:37  SCV x2  
  39  3:39  Hellion  
  43  3:44  Supply Depot  
  43  3:46  Hellion  
  45  3:49  Supply Depot  
  45  3:51  SCV  
  46  3:59  Barracks Reactor  
  46  4:06  Raven, SCV x2  
  50  4:11  Factory  
  50  4:18  SCV x2  
  50  4:29  Cyclone x2  
  50  4:30  SCV x2  
  56  4:36  Refinery  
  56  4:41  Supply Depot  
  56  4:42  SCV x2  
  56  4:45  Factory  
  58  4:53  Supply Depot  
  58  4:54  SCV x2  
  58  4:55  Factory Tech Lab  
  60  5:03  Supply Depot  
  60  5:07  SCV x2  
  60  5:11  Viking  
  60  5:12  Viking  
  64  5:19  SCV x2, Siege Tank  
  69  5:25  Siege Tank  
  72  5:29  Hellion  
  72  5:31  SCV x2  
  72  5:32  Hellion  
  78  5:43  SCV x2  
  78  5:45  Supply Depot  
  78  5:46  Supply Depot  
  78  5:47  Viking  
  78  5:49  Viking  
  84  6:05  Siege Tank  
  84  6:06  Siege Tank  
  84  6:08  Supply Depot  
  84  6:10  Supply Depot  
  89  6:12  Hellion x2  
  93  6:18  Viking  
  93  6:19  Viking  
  95  6:33  Hellion x2  
  95  6:37  Supply Depot, Siege Tank  
  95  6:38  Siege Tank  
  105  6:41  Supply Depot  
  105  6:44  Armory  
  99  6:55  Hellion x2  
  99  7:01  Viking  
  103  7:09  Siege Tank  
  103  7:12  Viking  
  108  7:17  Siege Tank  
  108  7:22  Command Center  
  111  7:28  Hellion x2  
  113  7:32  Viking  
  114  7:39  Supply Depot  
  114  7:42  Siege Tank  
  117  7:47  SCV  
  117  7:49  Hellion  
  120  7:54  SCV  
  120  7:58  Viking  
  120  8:03  Siege Tank, SCV  
  94  8:09  Hellion  
  77  8:15  Hellion  
  77  8:18  SCV x2  
Show
View Real Time Build Order
Export as new Build Order

Maru Terran - Winner!

Build Orders: Cyclone Opening, Gas First Reaper Expand 

Get SALT Encoding   

  12  0:00  SCV  
  13  0:12  SCV  
  14  0:17  Supply Depot  
  14  0:24  SCV  
  14  0:27  Refinery  
  15  0:38  SCV  
  16  0:43  Barracks  
  16  0:50  SCV  
  17  1:02  SCV  
  18  1:15  SCV  
  19  1:30  Orbital Command, Reaper  
  20  1:47  Command Center  
  20  1:56  SCV, Factory  
  21  2:06  Supply Depot  
  21  2:07  Marine  
  21  2:08  SCV  
  23  2:12  Refinery  
  23  2:27  SCV, Marine  
  25  2:39  SCV  
  25  2:40  Cyclone, Starport  
  28  2:50  Barracks Reactor  
  28  2:52  SCV  
  29  2:59  Orbital Command  
  29  3:04  SCV  
  30  3:12  Cyclone  
  32  3:16  Orbital Command, SCV, Medivac  
  35  3:25  Marine  
  35  3:26  Marine  
  37  3:28  SCV  
  38  3:34  Supply Depot  
  38  3:40  SCV  
  38  3:42  SCV  
  38  3:45  Cyclone  
  41  3:49  Starport Tech Lab  
  41  3:52  Command Center  
  41  3:54  SCV  
  42  3:55  SCV  
  42  3:59  Marine x2  
  45  4:03  Supply Depot  
  45  4:07  SCV  
  45  4:08  Raven  
  48  4:11  SCV  
  49  4:17  Factory Tech Lab  
  49  4:19  SCV  
  49  4:21  Marine x2  
  49  4:23  SCV  
  53  4:37  SCV x2  
  55  4:38  Refinery  
  55  4:40  Supply Depot  
  55  4:41  Interference Matrix  
  55  4:43  Raven  
  57  4:49  SCV, Marine  
  57  4:50  Barracks  
  59  4:53  SCV  
  59  4:55  Barracks  
  59  4:58  Stimpack  
  60  5:01  SCV  
  60  5:05  SCV  
  62  5:08  Factory Reactor  
  62  5:09  Marine  
  62  5:10  SCV  
  62  5:13  SCV, Engineering Bay  
  65  5:15  Refinery  
  65  5:16  Engineering Bay  
  65  5:17  SCV  
  66  5:22  Orbital Command  
  66  5:25  SCV  
  69  5:29  SCV  
  69  5:35  Marine, Barracks  
  68  5:37  SCV  
  68  5:38  Barracks  
  70  5:47  Terran Infantry Weapons Level 1, Terran Infantry Armor Level 1, SCV  
  72  5:50  SCV, Marine x3  
  72  5:51  Marine  
  72  5:52  Starport Reactor  
  72  5:56  Siege Tank  
  79  6:03  SCV x2  
  79  6:04  Supply Depot  
  81  6:06  Marine  
  81  6:10  Orbital Command  
  82  6:14  Marine x3  
  82  6:16  Supply Depot x2  
  85  6:19  Marine  
  85  6:24  Barracks Reactor  
  85  6:25  SCV x2, Marine  
  88  6:28  Barracks Reactor  
  88  6:31  Siege Tank  
  91  6:34  Barracks Tech Lab x2  
  91  6:36  Supply Depot, SCV  
  91  6:37  SCV x2  
  91  6:38  Supply Depot  
  91  6:39  Combat Shield  
  94  6:47  Marine x2, Marauder  
  94  6:48  SCV  
  94  6:49  SCV x2  
  101  6:59  Supply Depot, Marine x2  
  101  7:00  SCV  
  101  7:01  Concussive Shells, Marine, Marauder, SCV x2  
  109  7:10  Siege Tank, Medivac x2  
  109  7:12  SCV  
  109  7:13  SCV  
  109  7:14  SCV  
  119  7:18  Supply Depot  
  119  7:19  Marauder, Armory  
  119  7:21  Marine  
  119  7:22  Marauder  
  124  7:24  SCV  
  124  7:28  Marine  
  124  7:29  Marine x2, Marauder  
  128  7:31  SCV  
  128  7:32  SCV  
  130  7:40  Marauder  
  130  7:41  Marine  
  130  7:43  Marauder  
  134  7:47  Marine  
  134  7:48  Siege Tank  
  134  7:50  Marauder  
  139  8:02  Marauder  
  139  8:03  Marine x3  
  139  8:04  Marauder  
  139  8:05  Marine  
  108  8:06  SCV  
  108  8:12  Marauder  
  109  8:14  SCV x2  
Tags
 
Add a new tag
Caveats
  • Supply blocks, unpowered buildings, or Contaminate may cause inaccurate times.
  • Supply counts are checked every 10 seconds.